 Dungeon Crawl Stone Soup version 0.18.1-50-g88ac8fd (webtiles) character file.

371 Drunkenshrew the Charmwright (level 6, -2/48 HPs)
             Began as a Draconian Skald on Sept 30, 2016.
             Slain by Drunkenshrew's ghost (4 damage)
             ... on level 5 of the Dungeon.
             The game lasted 00:10:22 (2486 turns).

Drunkenshrew the Charmwright (Draconian Skald)      Turns: 2486, Time: 00:10:23

Health: -2/48      AC:  6    Str: 14    XL:     6   Next: 42%
Magic:  15/18      EV: 12    Int: 14    God:
Gold:   186        SH:  0    Dex: 11    Spells: 2 memorised, 5 levels left

rFire  . . .     SeeInvis .     x - +1 mace (crush)
rCold  . . .     Gourm    .     (armour unavailable)
rNeg   . . .     Faith    .     (no shield)
rPois  .         Spirit   .     (helmet restricted)
rElec  .         Dismiss  .     (no cloak)
rCorr  .         Reflect  .     (no gloves)
SustAt .         Harm     .     (no boots)
MR     .....                    (no amulet)
Stlth  +.........               (no ring)
                                n - ring of magical power

@: about to teleport, infused (expiring), not resistant to hostile enchantments,
very unstealthy
A: unfitting armour, cold-blooded, AC +6
a: no special abilities


You were on level 5 of the Dungeon.
You were not hungry.

You visited 1 branch of the dungeon, and saw 4 of its levels.

You collected 186 gold pieces.

Inventory:

Hand Weapons
 h - a +2 whip of draining
 x - a +1 mace of crushing (weapon)
Jewellery
 n - a ring of magical power (left hand)
Wands
 p - a wand of paralysis (11/24)
Scrolls
 g - a scroll of remove curse
 i - a scroll of random uselessness
 v - a scroll of noise {unknown}
 w - a scroll of enchant weapon {unknown}
 y - a scroll of recharging {unknown}
Potions
 d - 2 potions of curing {unknown}
 j - 2 potions of heal wounds {unknown}
 m - a potion of cure mutation {unknown}
 o - a potion of magic {unknown}
 s - a potion of flight {unknown}
Books
 a - a book of Battle

   Spells                             Type                      Level
   a - Infusion                       Charms                       1
   b - Shroud of Golubria             Charms/Translocation         2
   c - Song of Slaying                Charms                       2
   d - Spectral Weapon                Hexes/Charms                 3
   e - Regeneration                   Charms/Necromancy            3
Comestibles
 b - 2 bread rations
 c - 2 slices of pizza
 f - a royal jelly
 r - a beef jerky
 t - a meat ration
 z - a chunk of flesh


   Skills:
 - Level 2.1 Fighting
 - Level 1.3 Dodging
 - Level 2.0 Unarmed Combat
 - Level 2.0 Spellcasting
 - Level 6.1 Charms
 + Level 2.6 Necromancy


You had 5 spell levels left.
You knew the following spells:

 Your Spells              Type           Power        Failure   Level  Hunger
a - Infusion              Chrm           ###.         1%          1    ##.....
b - Regeneration          Chrm/Necr      ##........   14%         3    ####...


Dungeon Overview and Level Annotations

Branches:
Dungeon (3/15)             Temple (0/1) D:5

Altars:
Pakellas
Xom

Annotations:
D:5 Drunkenshrew's ghost, amateur DrSk


Innate Abilities, Weirdness & Mutations

Your plain brown scales are hard (AC +6).
Your body does not fit into most forms of armour.
You are cold-blooded and may be slowed by cold attacks.


Message History

You feel aware of your surroundings.
You sensed 3 altars.
It was a scroll of magic mapping.
Drunkenshrew's ghost is no longer regenerating.
Drunkenshrew's ghost completely misses you.
Read which item? (? for menu, Esc to quit)
As you read the scroll labeled HOTHEU ROTIR, it crumbles to dust.
It is a scroll of amnesia.
Forget which spell ([?*] list [ESC] exit)?
Forget which spell ([?*] list [ESC] exit)?
You don't know that spell.
Forget which spell ([?*] list [ESC] exit)?
Okay, then.
Your magical infusion is running out.
Drunkenshrew's ghost mumbles some strange words.
Drunkenshrew's ghost's wounds begin to heal before your eyes!
Read which item? (? for menu, Esc to quit)
As you read the scroll labeled MAQUSHR TOOLA, it crumbles to dust.
You feel strangely unstable.
It was a scroll of teleportation.
Drunkenshrew's ghost hits you.
You die...

**,***,,,* #...######≈.,*,,≈**
,,,,****,* ##..###.....,,,,,,,
,,,,** *,*** ###...#.....♣,_,*,,,
,,,,,***,,.###...#.†.#*,,,,,,,,,*
,,,,,,,*,,.....##..###**≈,,*,,≈**
,,,,,,,,,,.........# *≈≈,,,≈≈*
,,,,,,,,,,......?#.######*,,,***
,,,,,,,,,,...###..........,,,**
,,,,,,,,,,...#..@.........,,,,**
,,,,,,,,,,,,*#.W%.((......,,,,,*
**,*,,,,,,,....#..........,,,,,*
**,,*,,***#...##..>.......,,,,,*
,,,,**,,,.....,...........,,,,,*
,,,,,,,,,....,............,,,,,*
,,,,*****##8,8#######....,,,,,**
,,,,*,,,,,..,,,,,,,,*...,,,,,**
,,,,*,,,,,,,,,,,,,,,***,******


You could see Drunkenshrew's ghost (inner flame).

Vanquished Creatures
  A giant frog (D:3)
  A jelly (D:5)
  2 hounds (D:5)
  Ijyb (D:2)
  Natasha (thrice) (D:2)
  A gnoll (D:1)
  An adder (D:2)
  An ooze (D:2)
  4 worms
  3 dart slugs
  3 giant geckos
  7 orcs (D:3)
  3 giant cockroaches
  4 goblins
  9 hobgoblins
  5 jackals
  A quokka (D:2)
  2 ball pythons (D:1)
  7 bats
  4 giant newts
  4 kobolds
  14 rats
81 creatures vanquished.

Vanquished Creatures (others)
  An iguana (D:5)
  A quokka (D:5)
2 creatures vanquished.

Grand Total: 83 creatures vanquished

Notes
Turn   | Place    | Note
--------------------------------------------------------------
     0 | D:1      | Drunkenshrew the Draconian Skald began the quest for the Orb.
     0 | D:1      | Reached XP level 1. HP: 17/17 MP: 3/3
    37 | D:1      | Reached skill level 3 in Charms
    78 | D:1      | Reached XP level 2. HP: 24/24 MP: 0/5
   676 | D:1      | Reached XP level 3. HP: 29/29 MP: 6/6
   921 | D:1      | Reached skill level 4 in Charms
  1175 | D:2      | Noticed Natasha
  1182 | D:2      | Killed Natasha
  1182 | D:2      | Reached XP level 4. HP: 14/36 MP: 2/7
  1202 | D:2      | Learned a level 3 spell: Regeneration
  1294 | D:2      | Noticed Natasha
  1298 | D:2      | Killed Natasha
  1298 | D:2      | Reached skill level 5 in Charms
  1501 | D:2      | Noticed Natasha
  1506 | D:2      | Killed Natasha
  1506 | D:2      | Reached XP level 5. HP: 40/41 MP: 7/8
  1551 | D:2      | Noticed Ijyb
  1560 | D:2      | Killed Ijyb
  2138 | D:3      | Reached skill level 6 in Charms
  2158 | D:3      | Found a shimmering altar of Xom.
  2158 | D:3      | Found a shimmering altar of Xom.
  2159 | D:3      | Found a shimmering altar of Xom.
  2159 | D:3      | Found a shimmering altar of Xom.
  2254 | D:3      | Reached XP level 6. HP: 48/48 MP: 9/9
  2296 | D:3      | Reached skill level 1 in Necromancy
  2304 | D:3      | Found an oddly glowing altar of Pakellas.
  2385 | D:3      | You fall through a shaft for 2 floors!
  2385 | D:5      | Entered Level 5 of the Dungeon
  2444 | D:5      | Noticed Drunkenshrew's ghost (amateur DrSk)
  2479 | D:5      | HP: 2/48 [Drunkenshrew's ghost (1)]
  2486 | D:5      | Slain by Drunkenshrew's ghost

Skill      XL: |  1  2  3  4  5  6 |
---------------+-------------------+-----
Charms         | 3 4 5 6 |  6.1
Necromancy     | 2 |  2.6
Fighting       | |  2.1
Dodging        | |  1.3
Unarmed Combat | |  2.0
Spellcasting   | |  2.0

Action                   |  1- 3 |  4- 6 || total
-------------------------+-------+-------++-------
Melee: Unarmed           |    79 |       ||    79
       Tailslap          |     9 |    10 ||    19
       Whip              |    48 |    68 ||   116
       Mace              |       |    79 ||    79
 Cast: Infusion          |    13 |    17 ||    30
       Regeneration      |       |     1 ||     1
  Use: Scroll            |       |     7 ||     7
  Eat: Chunk             |     1 |     5 ||     6
Armor: Skin              |    44 |    52 ||    96
Dodge: Dodged            |    85 |    92 ||   177
